 Dungeon Crawl Stone Soup version 0.32-a0-932-g5467873 (webtiles) character file.

Game seed: 11891064015919315004

52 asteosic the Gusty (level 3, -7/19 HPs)
             Began as a Tengu Air Elementalist on Apr 13, 2024.
             Mangled by Crazy Yiuf
             ... wielding a +2 quarterstaff of chaos
              (8 damage)
             ... on level 2 of the Dungeon.
             The game lasted 00:02:32 (1876 turns).

asteosic the Gusty (Tengu Air Elementalist)         Turns: 1876, Time: 00:02:33

Health: -7/19      AC:  3    Str:  8    XL:     3   Next: 85%
Magic:  4/7        EV: 11    Int: 17    God:
Gold:   112        SH:  0    Dex: 14    Spells: 5/6 levels left

rFire   . . .        g - +1 short sword (drain)
rCold   . . .        (no shield)
rNeg    . . .        a - +1 robe
rPois   +            (helmet restricted)
rElec   .            (no cloak)
rCorr   .            (no gloves)
SInv    .            (boots unavailable)
Will    .....        (no amulet)
Stlth   ++           k - ring of poison resistance
HPRegen 0.23/turn    (no ring)
MPRegen 0.10/turn

%: acrobat
@: no status effects
A: beak, talons 3, acrobatic
a: no special abilities


You were on level 2 of the Dungeon.
You visited 1 branch of the dungeon, and saw 2 of its levels.

You collected 112 gold pieces.

Inventory:

Hand Weapons
 g - a +1 short sword of draining (weapon)
Armour
 a - a +1 robe (worn)
Jewellery
 k - a ring of poison resistance (left hand)
Wands
 h - a wand of charming (8)
Scrolls
 c - a scroll of teleportation
 e - a scroll of revelation {unknown}
 i - a scroll of acquirement {unknown}
 j - a scroll of identify {unknown}
 l - a scroll of brand weapon {unknown}
Potions
 b - a potion of magic
 d - a potion of heal wounds {unknown}
 f - a potion of curing {unknown}


   Skills:
 + Level 2.5 Dodging
 + Level 2.3 Stealth
 + Level 0.2 Shields
 * Level 2.4 Spellcasting
 * Level 2.5 Conjurations
 * Level 4.6 Air Magic
 + Level 0.3 Evocations


You had 5 spell levels left.
You knew the following spells:

 Your Spells              Type           Power      Damage    Failure   Level
a - Shock                 Conj/Air       56%        1d6       4%          1

Your spell library contained the following spells:

 Spells                   Type           Power      Damage    Failure   Level
 Static Discharge         Conj/Air       28%        3-5/arc   6%          2
 Swiftness                Air            17%        N/A       9%          3
 Airstrike                Air            8%         2d(2-18)  28%         4


Dungeon Overview and Level Annotations

Branches:
Dungeon (2/15)

Altars:

Annotations:
D:2 Crazy Yiuf


Innate Abilities, Weirdness & Mutations

You have a beak for a mouth.
You have claws for feet.
You can magically evade attacks while moving or waiting.


Message History

k - a ring of poison resistance
k - a ring of poison resistance (left hand)
l - a scroll labelled QEXKELL YTZUA You see here a +0 sling.
Found a hammer.
Found a runed translucent door.
Crazy Yiuf shouts!
Crazy Yiuf screams, "Buddy testudinal verde!"
You open the door.
The zap hits Crazy Yiuf.
Crazy Yiuf is moderately wounded.
You lose 1MP, and have [6/7] MP The zap hits Crazy Yiuf but does no damage.
Crazy Yiuf is moderately wounded.
Crazy Yiuf hits you with a +2 quarterstaff of chaos.
You take 5 HP, and have [14/19] HP !!!!!
HP Warning !!!!!
You lose 1MP, and have [5/7] MP The zap hits Crazy Yiuf.
Crazy Yiuf is heavily wounded.
Crazy Yiuf hits you with a +2 quarterstaff of chaos!
* * * LOW HITPOINT WARNING * * *
You take 9 HP, and have [5/19] HP !!!!!
HP Warning !!!!!
You lose 1MP, and have [4/7] MP You barely miss Crazy Yiuf.
You claw Crazy Yiuf, but do no damage. You peck Crazy Yiuf.
Crazy Yiuf is severely wounded.
Crazy Yiuf barely misses you.
You hit Crazy Yiuf but do no damage. You claw Crazy Yiuf.
You peck Crazy Yiuf, but do no damage.
Crazy Yiuf is almost dead.
Crazy Yiuf says, "Race Orb Guardian bag!"
Crazy Yiuf hits you with a +2 quarterstaff of chaos.
* * * LOW HITPOINT WARNING * * *
You take 4 HP, and have [1/19] HP !!!!!
HP Warning !!!!!
You hit Crazy Yiuf but do no damage. Your kick misses Crazy Yiuf.
Crazy Yiuf is almost dead.
Crazy Yiuf hits you with a +2 quarterstaff of chaos!
You die...

...##.# #####.###
##...# ##....#
###.....#
#.......##♣♣♣♣♣
..#.........♣.♣♣♣ ###
####.........♣..♣#..÷#
##.......♣♣♣♣@g...#
#.#....♣♣ ♣♣#..)#
#...##♣♣ ### ##..##
####..## ......#
.###.## ###..# ###.##


You could see Crazy Yiuf.

Vanquished Creatures
  An adder (D:2)
  A dart slug (D:2)
  6 endoplasms
  3 giant cockroaches
  3 goblins
  2 hobgoblins (D:1)
  3 jackals (D:1)
  5 kobolds
  2 quokkas (D:1)
  4 ball pythons
  A bat (D:1)
  3 frilled lizards (D:1)
  4 rats
38 creatures vanquished.

Notes
Turn   | Place    | Note
-------+----------+-------------------------------------------
     0 | D:1      | asteosic the Tengu Air Elementalist began the quest for the
                  | Orb.
     0 | D:1      | Reached XP level 1. HP: 10/10 MP: 4/4
   302 | D:1      | Reached XP level 2. HP: 15/15 MP: 1/6
   771 | D:1      | Reached XP level 3. HP: 19/19 MP: 4/7
  1060 | D:1      | Found a faded altar of an unknown god.
  1866 | D:2      | Found a runed translucent door.
  1867 | D:2      | Noticed Crazy Yiuf
  1876 | D:2      | Mangled by Crazy Yiuf

Illustrated notes

Levels and vault maps discovered:
D:1:      tarquinn_simple_flora_water_a, layout_loops_ring,
          chequers_ecumenical_altar_grove,
          nicolae_concentric_dashed_squares_mild, minivault_14
D:2:      layout_rooms, uniq_crazy_yiuf_cottage

Skill      XL: |  1  2 |
---------------+-------+-----
Conjurations   | 2 |  2.5
Dodging        | |  2.5
Stealth        | |  2.3
Shields        | |  0.2
Spellcasting   | |  2.4
Air Magic      | |  4.6
Evocations     | |  0.3

Action                     || total
---------------------------++-------
  Melee: Unarmed           ||     9
         Kick              ||     4
         Peck              ||     3
         Punch             ||     1
         Short sword       ||     4
   Cast: Shock             ||    84
    Use: Scroll            ||     3
 Armour: Robe              ||    15
  Dodge: Dodged            ||    18

Table legend: (Time is in decaauts)
 A = Elapsed time spent in this place.
 B = Non-inter-level travel time spent in this place.
 C = Inter-level travel time spent in this place.
 D = Time resting spent in this place.
 E = Time spent auto-exploring this place.
 F = Levels seen in this place.
 G = Mean time per level.
                   A        B        C        D        E       F      G
               +--------+--------+--------+--------+--------+-----+--------+
         Total |   1876 |   1850 |     26 |    109 |   1525 |   2 |  938.0 |
       Dungeon |   1876 |   1850 |     26 |    109 |   1525 |   2 |  938.0 |
               +--------+--------+--------+--------+--------+-----+--------+

Top non-repeatable levels by time:
     D:1: 1290 daAuts
     D:2: 586 daAuts
